 Dungeon Crawl Stone Soup version 0.31-a0-925-g0a390f2509 (webtiles) character file.

Game seed: 7821945671299970978

387 gelatine the Ruffian (level 6, -9/45 HPs)
             Began as a Demonspawn Shapeshifter on Oct 19, 2023.
             Mangled by a two-headed ogre
             ... wielding a +0 giant club
              (26 damage)
             ... on level 5 of the Dungeon.
             The game lasted 00:11:12 (3606 turns).

gelatine the Ruffian (Demonspawn Shapeshifter)      Turns: 3606, Time: 00:11:12

Health: -9/45      AC:  2    Str: 16    XL:     6   Next: 49%
Magic:  6/6        EV: 18    Int: 11    God:
Gold:   151        SH:  0    Dex: 16    Spells: 6/6 levels left

rFire   + .          .
                       - Unarmed
rCold   . . .        (no shield)
rNeg    + . .        a - +0 animal skin
rPois   .            (helmet currently unavailable)
rElec   .            (cloak currently unavailable)
rCorr   .            (gloves currently unavailable)
SInv    +            (boots currently unavailable)
Will    ++...        (no amulet)
Stlth   ++           m - +1 ring of slaying
HPRegen 0.27/turn    k - ring "Fykuy" {Fly rF+ rN+ Will++ Dex+3}
MPRegen 0.10/turn

%: no passive effects
@: agile, beast-form, flying
A: beast (slay +2), antennae 1, claws 1, powered by pain 1, weakness stinger 1,
see invisible, noise suppression
a: Begin Untransformation


You were on level 5 of the Dungeon.
You were a hulking beast.
You visited 1 branch of the dungeon, and saw 5 of its levels.

You collected 229 gold pieces.
You spent 78 gold pieces at shops.

Inventory:

Hand Weapons
 u - a +2 vampiric short sword
Missiles
 s - 5 javelins
 t - 3 boomerangs
Armour
 a - a +0 animal skin (worn)
 i - an orb of guile
Jewellery
 h - a ring of fire
 k - the ring "Fykuy" (right claw) {Fly rF+ rN+ Will++ Dex+3}
   (You acquired it on level 3 of the Dungeon)

   [ring of flight]

   Dex+3:     It affects your dexterity (+3).
   rF+:       It protects you from fire.
   rN+:       It protects you from negative energy.
   Will++:    It greatly increases your willpower.
   Fly:       It grants you flight.
 m - a +1 ring of slaying (left claw)
Talismans
 c - a beast talisman (active)
 d - a flux talisman
Scrolls
 f - a scroll of immolation
 g - a scroll of poison
 j - 2 scrolls of enchant weapon
 l - 2 scrolls of vulnerability
 n - a scroll of teleportation {unknown}
 o - a scroll of noise
 p - a scroll of amnesia
 q - a scroll of silence
 r - a scroll of acquirement
Potions
 b - 4 potions of lignification
 e - a potion of berserk rage {unknown}


   Skills:
 * Level 2.3 Fighting
 * Level 0.7 Throwing
 * Level 0.5 Armour
 * Level 3.0 Dodging
 * Level 1.2 Stealth
 * Level 4.4 Unarmed Combat
 * Level 0.5 Spellcasting
 * Level 3.8 Shapeshifting


You had 6 spell levels left.
You didn't know any spells.
Your spell library contained the following spells:

 Spells                   Type           Power      Damage    Failure   Level
 Sandblast                Erth           0%         2d4       34%         1
 Passwall                 Tmut/Erth      0%         N/A       45%         2
 Stone Arrow              Conj/Erth      0%         3d7       71%         3
 Brom's Barrelling Bould  Conj/Erth      0%         2d3       98%         4


Dungeon Overview and Level Annotations

Branches:
Dungeon (5/15)
 Temple: D:4-7

Altars:
Vehumet

Shops:
D:2 [   D:3 =


Innate Abilities, Weirdness & Mutations

You are a hulking beast.
Your limbs bulge with bestial killing power. (Slay +2)
You have a pair of small antennae on your head.
You have sharp fingernails.
You sometimes gain a little power by taking damage.
You have a small tail.
You have supernaturally acute eyesight. (SInv)
You passively dampen the noise of your surroundings.


Message History

l - 2 scrolls of vulnerability (gained 1) Done exploring.
Done exploring.
Items here: )))) [[.
There is a stone staircase leading down here.
You fly downwards.
There is a stone staircase leading up here.
The helpless hound fails to defend itself.
You claw the hound!
The hound is heavily wounded.
The hound bites you.
You claw the hound!
Your tail-slap misses the hound.
The hound is almost dead.
The hound bites you but does no damage.
You claw the hound!
You kill the hound!
Your Stealth skill increases to level 1!
HP restored.
An ogre comes into view. It is wielding a +0 giant spiked club.
The helpless ogre fails to defend itself.
You claw the ogre! You tail-slap the ogre.
The ogre is severely wounded.
The ogre closely misses you.
You claw the ogre!
You kill the ogre!
Your Dodging skill increases to level 3!
Things that are here:
a +0 giant spiked club; an ogre corpse A two-headed ogre comes into view.
It is wielding two +0 giant clubs.
The two-headed ogre shouts in stereo!
You claw the two-headed ogre!
Your tail-slap misses the two-headed ogre.
The two-headed ogre is lightly wounded.
The two-headed ogre hits you with a +0 giant club!!
Ouch! That really hurt!
You focus on the pain.
You feel agile all of a sudden.
The two-headed ogre hits you with a +0 giant club!!
Ouch! That really hurt!
You die...

#<# #.#
#.#######
#.##....#
#.##.##)#
#.##.##.#
########
#....##.#
#......#
.######.#
#.####.#
. #.###.#
#h# .
#.....#
#O# .
#######
#.# . ...
. ### .


You could see a two-headed ogre.

Vanquished Creatures
  An ogre (D:5)
  An orc priest (D:4)
  A jelly (D:4)
  A hound (D:5)
  A sleepcap (D:4)
  4 gnolls
  8 adders
  3 worms (D:3)
  2 dart slugs
  5 orcs
  8 ball pythons
  7 endoplasms
  9 goblins
  A hobgoblin (D:2)
  3 quokkas
  4 frilled lizards
  4 kobolds
  2 rats
65 creatures vanquished.

Notes
Turn   | Place    | Note
-------+----------+-------------------------------------------
     0 | D:1      | gelatine the Demonspawn Shapeshifter began the quest for
                  | the Orb.
     0 | D:1      | Reached XP level 1. HP: 15/15 MP: 1/1
   596 | D:1      | Reached skill level 3 in Unarmed Combat
   596 | D:1      | Discovered your monstrous ancestry.
   596 | D:1      | Gained mutation: You have a small tail. [demonic ancestry]
   596 | D:1      | Reached XP level 2. HP: 19/21 MP: 2/2
  1095 | D:2      | Gained mutation: You sometimes gain a little power by
                  | taking damage. [demonic ancestry]
  1095 | D:2      | Reached XP level 3. HP: 24/26 MP: 3/3
  1211 | D:2      | Found Kaec's Antique Armour Boutique.
  1735 | D:3      | Gained mutation: You sometimes lose your temper in combat.
                  | [potion of mutation]
  1735 | D:3      | Gained mutation: Your spells are a little easier to cast,
                  | but a little less powerful. [potion of mutation]
  1735 | D:3      | Gained mutation: You have a beak for a mouth. [potion of
                  | mutation]
  1735 | D:3      | HP: 1/26 [poisoned by an adder]
  1745 | D:3      | Gained mutation: You have sharp fingernails. [demonic
                  | ancestry]
  1745 | D:3      | Reached XP level 4. HP: 9/32 MP: 4/4
  1879 | D:3      | Found a radiant altar of Vehumet.
  1900 | D:3      | HP: 1/32 [gnoll/+0 flail (8)]
  2266 | D:3      | Found Ulluodot's One-of-a-Kind Rings.
  2271 | D:3      | Lost mutation: You have a beak for a mouth. [demonic
                  | ancestry]
  2271 | D:3      | Gained mutation: You have a pair of small antennae on your
                  | head. [demonic ancestry]
  2271 | D:3      | Reached XP level 5. HP: 38/38 MP: 5/5
  2286 | D:3      | Bought a +1 ring of slaying for 78 gold pieces
  2330 | D:3      | Identified a scroll of acquirement
  2331 | D:3      | Acquired the ring "Fykuy" {Fly rF+ rN+ Will++ Dex+3}
  2987 | D:4      | Reached skill level 4 in Unarmed Combat
  3055 | D:4      | Lost mutation: Your spells are a little easier to cast, but
                  | a little less powerful. [potion of mutation]
  3055 | D:4      | Lost mutation: You sometimes lose your temper in combat.
                  | [potion of mutation]
  3055 | D:4      | Gained mutation: You have supernaturally acute eyesight.
                  | (SInv) [potion of mutation]
  3055 | D:4      | Gained mutation: You passively dampen the noise of your
                  | surroundings. [potion of mutation]
  3405 | D:4      | Reached XP level 6. HP: 37/44 MP: 6/6
  3565 | D:5      | Entered Level 5 of the Dungeon
  3569 | D:5      | Reached skill level 1 in Stealth
  3603 | D:5      | Noticed a two-headed ogre
  3606 | D:5      | Mangled by a two-headed ogre

Illustrated notes

Levels and vault maps discovered:
D:1:      ldierk_walled_garden, layout_loops_ring,
          chequers_serial_rivers_small_b, minmay_fountain_box
D:2:      layout_loops_ring, serial_shops, nicolae_shop_pleasant_corner_grove
D:3:      layout_loops_ring, nicolae_vehumet_radiance,
          nicolae_shop_unique_rings, chequers_serial_rivers_large_a
D:4:      layout_loops_ring
D:5:      layout_basic, minmay_temple_entry_offerings

Skill      XL: |  1  2  3  4  5  6 |
---------------+-------------------+-----
Unarmed Combat | 3 4 |  4.4
Dodging        | 2 3 |  3.0
Shapeshifting  | 3 |  3.8
Fighting       | 2 |  2.3
Stealth        | 1 |  1.2
Throwing       | |  0.7
Armour         | |  0.5
Spellcasting   | |  0.5

Action                     |  1- 3 |  4- 6 || total
---------------------------+-------+-------++-------
  Melee: Unarmed           |    92 |    96 ||   188
         Punch             |     1 |     1 ||     2
         Tailslap          |     8 |    13 ||    21
         Peck              |     1 |     4 ||     5
    Use: Potion            |     4 |     1 ||     5
         Scroll            |       |     9 ||     9
   Stab: Distracted        |       |     1 ||     1
         Sleeping          |       |     5 ||     5
 Armour: Animal skin       |    54 |    38 ||    92
  Dodge: Dodged            |    55 |    45 ||   100

Table legend: (Time is in decaauts)
 A = Elapsed time spent in this place.
 B = Non-inter-level travel time spent in this place.
 C = Inter-level travel time spent in this place.
 D = Time resting spent in this place.
 E = Time spent auto-exploring this place.
 F = Levels seen in this place.
 G = Mean time per level.
                   A        B        C        D        E       F      G
               +--------+--------+--------+--------+--------+-----+--------+
         Total |   3615 |   3494 |    121 |      0 |   2854 |   5 |  723.0 |
       Dungeon |   3615 |   3494 |    121 |      0 |   2854 |   5 |  723.0 |
               +--------+--------+--------+--------+--------+-----+--------+

Top non-repeatable levels by time:
     D:2: 1102 daAuts
     D:3: 955 daAuts
     D:4: 793 daAuts
     D:1: 724 daAuts
     D:5: 40 daAuts
